Map: Simulacrum LE

Players

Future - Winner!

  • Race: Terran Terran
  • Spawn Location: 5:00

Epic

  • Race: Terran Terran
  • League: Master
  • Spawn Location: 11:00

Event: Cheeseadelphia XI, Cheeseadelphia XI

VOD

Have the link to the VOD?

Description

Time

  • Played on: Dec. 15, 2019, 10:26 a.m.
  • Length: 13:18

All games in this series

Show
View Real Time Build Order
Export as new Build Order

Future Terran - Winner!

Build Orders: Gas First Reaper Expand 

Get SALT Encoding   

  12  0:00  SCV  
  13  0:12  SCV  
  14  0:17  Supply Depot  
  14  0:24  SCV  
  15  0:29  Refinery  
  15  0:38  SCV  
  16  0:44  Barracks  
  16  0:50  SCV  
  17  1:02  SCV  
  18  1:14  SCV  
  19  1:31  Orbital Command, Reaper  
  20  1:52  Command Center  
  20  1:58  Factory  
  20  2:01  SCV  
  20  2:06  Barracks Reactor  
  21  2:12  Refinery  
  21  2:14  SCV  
  22  2:20  Supply Depot  
  22  2:26  SCV  
  23  2:42  SCV  
  24  2:45  Starport  
  24  2:49  Hellion  
  26  2:53  Hellion  
  26  2:54  SCV  
  29  3:05  Orbital Command  
  28  3:14  Hellion  
  28  3:15  Hellion  
  28  3:16  SCV  
  33  3:20  Barracks Tech Lab  
  33  3:22  Starport Tech Lab  
  33  3:28  SCV  
  33  3:30  SCV  
  35  3:41  SCV  
  36  3:42  Supply Depot  
  36  3:43  Raven, SCV  
  42  3:48  Cyclone  
  42  3:50  Marine  
  42  3:52  Marine  
  42  3:53  SCV  
  42  3:55  SCV  
  46  4:02  Supply Depot  
  46  4:05  SCV  
  46  4:07  SCV  
  46  4:09  Marine  
  49  4:10  Marine  
  50  4:17  SCV  
  50  4:19  SCV  
  40  4:29  SCV  
  40  4:31  SCV  
  34  4:41  SCV  
  34  4:43  SCV  
  34  4:44  Starport Reactor  
  36  4:47  Stimpack  
  36  4:48  Siege Tank  
  39  4:53  SCV  
  39  4:55  SCV  
  41  5:01  Barracks  
  41  5:03  Barracks  
  41  5:05  SCV  
  42  5:07  SCV  
  42  5:10  Marine  
  44  5:18  SCV  
  44  5:19  SCV  
  44  5:21  Siege Tank  
  49  5:27  Engineering Bay, Refinery  
  49  5:28  Marine  
  49  5:31  SCV  
  49  5:32  SCV  
  52  5:37  Starport Reactor  
  52  5:39  Supply Depot  
  52  5:43  SCV  
  52  5:44  SCV  
  52  5:48  Marine  
  52  5:49  Marine x2  
  57  5:53  Siege Tank  
  57  5:55  SCV  
  57  5:56  SCV  
  62  5:58  Terran Infantry Weapons Level 1  
  62  6:02  Supply Depot  
  62  6:06  Marine x3  
  62  6:07  Marine  
  62  6:08  Marine  
  62  6:10  SCV  
  68  6:11  SCV  
  68  6:15  Supply Depot  
  69  6:22  SCV  
  69  6:24  SCV  
  74  6:26  Combat Shield  
  74  6:27  Medivac  
  74  6:32  Supply Depot, Marine x4  
  75  6:33  Marine  
  75  6:37  Medivac  
  75  6:38  Refinery  
  80  6:40  SCV  
  80  6:41  SCV  
  82  6:51  Siege Tank  
  82  6:52  SCV  
  82  6:53  SCV  
  87  6:54  Supply Depot  
  87  6:56  Supply Depot  
  87  6:57  Marine  
  87  6:58  Marine  
  87  7:00  Marine x2  
  91  7:01  Marine  
  92  7:09  Medivac  
  94  7:16  Medivac  
  94  7:19  Supply Depot, Marine  
  94  7:20  Marine x4  
  101  7:25  Siege Tank  
  104  7:38  Marine  
  104  7:39  Marine x2  
  104  7:40  Marine x2  
  109  7:47  Medivac x2  
  113  7:54  Barracks x2  
  113  7:55  Terran Infantry Armor Level 1  
  113  8:03  Siege Tank, Marine x2  
  118  8:09  Supply Depot  
  118  8:12  Supply Depot  
  118  8:30  Marine x3  
  118  8:31  Command Center  
  118  8:36  Siege Tank  
  124  8:42  Marine x2  
  124  8:45  Barracks Reactor  
  124  8:46  Barracks Reactor  
  124  8:48  Marine x3  
  126  9:00  Marine x2  
  118  9:03  Medivac  
  118  9:06  Marine x3  
  117  9:18  Marine x2  
  117  9:20  Siege Tank  
  117  9:24  Medivac, Marine x3  
  120  9:25  SCV x2  
  120  9:27  Marine x2  
  120  9:28  Marine x2  
  126  9:33  Medivac  
  126  9:36  Marine x2  
  126  9:39  SCV x2  
  126  9:41  Marine  
  126  9:44  Armory  
  129  9:45  Engineering Bay  
  129  9:46  Orbital Command  
  129  9:48  Marine  
  129  9:49  Marine  
  129  9:51  SCV  
  132  9:53  SCV  
  130  10:03  SCV  
  130  10:04  Marine x5  
  130  10:05  SCV  
  137  10:09  Siege Tank  
  137  10:11  SCV  
  141  10:17  SCV  
  141  10:19  Medivac x2  
  141  10:20  SCV  
  149  10:36  Marine x2  
  149  10:37  Terran Infantry Weapons Level 2  
  149  10:38  Refinery x2, Marine x3  
  143  10:46  SCV, Supply Depot  
  143  10:47  Supply Depot  
  143  10:48  Siege Tank  
  145  10:50  SCV  
  145  10:53  Marine  
  145  10:56  Marine x4  
  147  11:01  Medivac  
  149  11:08  Marine x4  
  149  11:11  Marine  
  149  11:14  Marine x2  
  150  11:19  Marine x2  
  152  11:26  Marine x3  
  152  11:27  Siege Tank  
  152  11:28  Marine  
  152  11:29  Marine  
  152  11:32  Marine x2  
  160  11:37  Marine x2  
  155  11:48  Medivac  
  155  11:49  Medivac  
  165  11:58  Marine  
  165  11:59  Siege Tank, Supply Depot  
  165  12:00  Supply Depot  
  147  12:09  Marine x8  
  149  12:16  Marine, Sensor Tower  
  149  12:20  Sensor Tower  
  150  12:22  Medivac  
  150  12:25  Medivac  
  150  12:27  Marine x8  
  151  12:33  Siege Tank  
  151  12:34  Marine  
  155  12:45  Marine x8  
  163  12:52  Marine  
Show
View Real Time Build Order
Export as new Build Order

Epic Terran 

Build Orders: 1/1/1, Liberator Opening 

Get SALT Encoding   

  12  0:00  SCV  
  13  0:12  SCV  
  14  0:17  Supply Depot  
  14  0:25  SCV  
  14  0:27  Refinery  
  15  0:39  SCV  
  16  0:45  Barracks  
  16  0:51  SCV  
  16  0:56  Refinery  
  17  1:03  SCV  
  18  1:15  SCV  
  19  1:32  Orbital Command, Reaper  
  20  1:36  Factory  
  20  1:47  Supply Depot  
  20  1:57  SCV  
  21  2:04  Reaper  
  22  2:09  SCV  
  23  2:20  Starport  
  23  2:21  Hellion  
  25  2:23  SCV  
  25  2:25  Supply Depot  
  26  2:35  SCV  
  26  2:36  Reaper  
  28  2:39  Liberator  
  28  2:42  Hellion  
  30  2:47  SCV  
  34  2:59  SCV  
  35  3:06  Hellion  
  35  3:09  Reaper  
  35  3:11  Supply Depot  
  38  3:33  Hellion  
  40  3:38  Command Center  
  40  3:44  SCV  
  40  3:48  Barracks Reactor  
  41  3:50  Supply Depot  
  41  3:56  SCV  
  41  3:59  Factory Tech Lab  
  42  4:08  Starport Tech Lab  
  42  4:09  SCV  
  43  4:21  SCV  
  36  4:25  Siege Tank, Marine x2  
  39  4:33  SCV  
  37  4:42  Raven  
  37  4:43  Marine x2  
  37  4:45  SCV  
  40  4:50  Orbital Command  
  40  4:58  SCV, Siege Tank  
  44  5:00  Marine x2  
  46  5:10  SCV  
  47  5:14  Command Center  
  47  5:16  SCV  
  48  5:22  SCV, Marine x2  
  48  5:24  Raven  
  53  5:28  SCV  
  53  5:33  Siege Tank  
  53  5:34  SCV  
  58  5:36  Refinery  
  58  5:37  Refinery  
  58  5:39  Supply Depot  
  58  5:40  SCV  
  59  5:43  Marine x2  
  59  5:46  SCV  
  62  5:52  SCV  
  63  5:58  SCV  
  64  6:05  SCV  
  64  6:06  Supply Depot  
  64  6:10  Siege Tank  
  68  6:12  SCV  
  68  6:15  Viking x2  
  68  6:17  SCV, Marine  
  75  6:21  Stimpack  
  75  6:24  SCV  
  75  6:25  Engineering Bay x2  
  76  6:28  Orbital Command  
  76  6:29  SCV  
  77  6:34  Marine  
  77  6:38  Barracks  
  78  6:45  Barracks  
  78  6:46  Viking  
  80  6:49  Viking  
  82  6:55  Terran Infantry Weapons Level 1  
  82  6:56  Terran Infantry Armor Level 1  
  82  6:58  SCV  
  82  6:59  SCV  
  82  7:01  SCV  
  85  7:02  Marine  
  85  7:06  Siege Tank  
  89  7:09  Supply Depot  
  89  7:13  SCV x3  
  92  7:19  Viking  
  94  7:22  Viking  
  94  7:26  Barracks  
  94  7:29  Barracks  
  96  7:34  SCV x3  
  96  7:35  Barracks Reactor x2  
  98  7:39  Siege Tank  
  98  7:43  Supply Depot  
  100  7:45  Supply Depot  
  100  7:46  Marine  
  100  7:49  SCV x2  
  100  7:50  SCV  
  103  7:54  Viking  
  103  7:55  Viking  
  107  8:01  SCV x2  
  107  8:04  Marine  
  107  8:05  Armory, SCV  
  111  8:09  Supply Depot  
  111  8:11  Supply Depot  
  111  8:15  SCV x2  
  111  8:17  SCV  
  114  8:20  Barracks Reactor  
  114  8:21  Barracks Reactor  
  114  8:29  Missile Turret  
  114  8:30  Missile Turret, Marine x3  
  114  8:31  Marine x2  
  120  8:48  Marine x3  
  125  8:54  Marine x2  
  128  9:06  Marine x2  
  126  9:10  Marine  
  126  9:11  Marine x4  
  126  9:12  Barracks x3, Marine  
  126  9:13  Barracks  
  126  9:16  Barracks  
  130  9:22  Orbital Command  
  130  9:24  Factory, Marine  
  129  9:26  Factory  
  130  9:37  Marine x4  
  130  9:38  Marine  
  135  9:46  Supply Depot x2  
  135  9:47  Supply Depot, Barracks Tech Lab  
  135  9:48  Supply Depot  
  135  9:57  Marine x6  
  140  10:01  Marine  
  140  10:06  Marine x3  
  144  10:08  Marine  
  144  10:10  Factory Tech Lab x2  
  143  10:19  Marine x8  
  151  10:22  Supply Depot  
  151  10:23  Supply Depot  
  151  10:29  Marine x4  
  141  10:36  Marine x2  
  141  10:38  Siege Tank  
  144  10:44  Starport  
  144  10:46  Combat Shield  
  119  11:01  Marine x7  
  119  11:02  Marine  
  113  11:10  Siege Tank  
  113  11:17  Marine x3  
  116  11:21  Marine x2  
  116  11:27  Marine x2  
  114  11:40  Medivac x2  
  114  11:46  Siege Tank  
  121  11:50  Siege Tank  
  124  11:56  Marine x3  
  127  12:13  Medivac x2  
  127  12:15  Marine x3  
  134  12:18  Marine x2  
  106  12:32  Siege Tank  
  106  12:34  Siege Tank  
  112  12:39  Marine  
  113  12:48  Marine x3  
  116  12:55  Marine  
  116  12:56  Marine x2  
Tags
 
Add a new tag
Caveats
  • Supply blocks, unpowered buildings, or Contaminate may cause inaccurate times.
  • Supply counts are checked every 10 seconds.